 Dungeon Crawl Stone Soup version 0.31.0-1-g2c135a0 (webtiles) character file.

Game seed: 4661224196487411247

132312 kaikaun the Unseen (level 17, -11/108 HPs)
             Began as a Kobold Brigand on Jan 31, 2024.
             Was a Follower of Uskayaw.
             Mangled by a +6 halberd of venom (16 damage)
             ... on level 2 of the Elven Halls.
             The game lasted 02:05:16 (29327 turns).

kaikaun the Unseen (Kobold Brigand)                Turns: 29327, Time: 02:05:17

Health: -11/108    AC: 17    Str: 10    XL:     17   Next: 69%
Magic:  29/29      EV: 30    Int: 16    God:    Uskayaw [*.....]
Gold:   2055       SH:  9    Dex: 22    Spells: 16/16 levels left

rFire   + . .        b - +2 dagger (elec)
rCold   + . .        x - +2 buckler {reflect}
rNeg    . . .        U - +2 leather armour "Qeegin" {Regen+}
rPois   .            F - +2 helmet {Int+3}
rElec   .            m - +2 cloak {rF+}
rCorr   .            t - +2 pair of gloves {Stlth+}
SInv    .            y - +2 pair of boots {Stlth+}
Will    +....        j - amulet of regeneration
Stlth   ++++++++++   B - ring of protection from cold
HPRegen 1.98/turn    s - +5 ring of evasion
MPRegen 0.21/turn

%: reflection
@: lethally poisoned (-11 -> -14)
A: small, no large weapons, nightstalker 3
a: Renounce Religion, Stomp


You were on level 2 of the Elven Halls.
You worshipped Uskayaw.
Uskayaw was most pleased with you.
You visited 5 branches of the dungeon, and saw 25 of its levels.
You also visited: Sewer, Bailey, Gauntlet, Ice Cave and Volcano.

You collected 3185 gold pieces.
You spent 1130 gold pieces at shops.

Inventory:

Hand Weapons
 a - a +4 dagger of draining
 b - a +2 dagger of electrocution (weapon)
 o - a +1 rapier of freezing
 w - the +5 short sword "Isig" {spect, rC+ Will+}
   (You bought it in a shop on level 2 of the Orcish Mines)

   rC+:       It protects you from cold.
   Will+:     It increases your willpower.
 N - a +2 short sword of freezing
 Z - a +1 short sword of protection
Missiles
 d - 43 poisoned darts (quivered)
 e - 14 curare-tipped darts
 C - 12 throwing nets
 H - 6 atropa-tipped darts
Armour
 m - a +2 cloak of fire resistance (worn)
 t - a +2 pair of gloves of stealth (worn)
 x - a +2 buckler of reflection (worn)
 y - a +2 pair of boots of stealth (worn)
 F - a +2 helmet of intelligence (worn)
 G - a +0 kite shield of protection
 U - the +2 leather armour "Qeegin" (worn) {Regen+}
   (You bought it in a shop on level 2 of the Orcish Mines)

   Regen+:    It increases your rate of health regeneration.
Jewellery
 j - an amulet of regeneration (around neck)
 s - a +5 ring of evasion (right hand)
 B - a ring of protection from cold (left hand)
 R - a ring of willpower
Wands
 f - a wand of polymorph (3)
 h - a wand of mindburst (20)
 E - a wand of light (26)
 I - a wand of charming (23)
 M - a wand of flame (119)
 T - a wand of roots (3)
 W - a wand of digging (21)
Scrolls
 g - a scroll of immolation
 i - 3 scrolls of fog
 l - 12 scrolls of teleportation
 q - 2 scrolls of revelation
 v - 2 scrolls of enchant weapon
 J - a scroll of torment
 K - 3 scrolls of fear
 L - 5 scrolls of poison {unknown}
 P - a scroll of enchant armour
 Q - 2 scrolls of blinking
 S - 2 scrolls of silence {unknown}
 X - a scroll of brand weapon
Potions
 c - 3 potions of haste
 k - 8 potions of heal wounds
 n - a potion of lignification
 p - 4 potions of curing
 r - a potion of ambrosia
 z - 4 potions of invisibility
 A - 2 potions of might
 D - 3 potions of resistance
 O - a potion of cancellation
 Y - 2 potions of berserk rage
Miscellaneous
 u - a phial of floods
 V - a phantom mirror


   Skills:
 + Level 12.9 Fighting
 + Level 11.7 Short Blades
 + Level 5.5 Throwing
 + Level 13.7 Dodging
 + Level 17.8 Stealth
 + Level 8.1 Shields
 + Level 16.4 Invocations
 + Level 13.2 Evocations


You had 16 spell levels left.
You didn't know any spells.
Your spell library contained the following spells:

 Spells                   Type           Power      Damage    Failure   Level
 Foxfire                  Conj/Fire      0%         2x1d4     43%         1
 Freeze                   Ice            0%         1d3       43%         1
 Kiss of Death            Conj/Necr      0%         2d5       43%         1
 Magic Dart               Conj           0%         1d3       43%         1
 Necrotise                Necr           0%         1d4       43%         1
 Sandblast                Erth           0%         2d4       43%         1
 Mercury Vapours          Alch/Air       0%         N/A       56%         2
 Searing Ray              Conj           0%         2d4       56%         2
 Static Discharge         Conj/Air       0%         3-3/arc   56%         2
 Confusing Touch          Hex            0%         N/A       80%         3
 Frozen Ramparts          Ice            0%         1d1       80%         3
 Fugue of the Fallen      Necr           0%         N/A       80%         3
 Hailstorm                Conj/Ice       0%         3d5       80%         3
 Inner Flame              Hex/Fire       0%         N/A       80%         3
 Mephitic Cloud           Conj/Alch/Air  0%         N/A       80%         3
 Ozocubu's Armour         Ice            0%         N/A       80%         3
 Passwall                 Erth           0%         N/A       80%         3
 Stone Arrow              Conj/Erth      0%         3d7       80%         3
 Vampiric Draining        Necr           0%         2d6       80%         3
 Airstrike                Air            0%         2d(0-16)  99%         4
 Animate Armour           Summ/Erth      0%         N/A       99%         4
 Brom's Barrelling Bould  Conj/Erth      0%         2d3       99%         4
 Dispel Undead            Necr           0%         3d6       99%         4
 Fulminant Prism          Conj/Alch      0%         3d5       99%         4
 Iskenderun's Mystic Bla  Conj/Tloc      0%         2d3       99%         4
 Manifold Assault         Tloc           0%         N/A       99%         4
 Martyr's Knell           Necr/Summ      0%         N/A       99%         4
 Summon Lightning Spire   Summ/Air       0%         N/A       99%         4
 Alistair's Intoxication  Alch           0%         N/A       100%        5
 Borgnjor's Vile Clutch   Necr/Erth      0%         N/A       100%        5
 Curse of Agony           Necr           0%         N/A       100%        5
 Freezing Cloud           Conj/Ice/Air   0%         6-21      100%        5
 Irradiate                Conj/Alch      0%         3d11      100%        5
 Lee's Rapid Deconstruct  Erth           0%         3d4*      100%        5
 Eringya's Noxious Bog    Alch           0%         4d6       100%        6
 Plasma Beam              Fire/Air       0%         2x1d10    100%        6
 Starburst                Conj/Fire      0%         6d3       100%        6
 Ignition                 Fire           0%         3d3       100%        8


Dungeon Overview and Level Annotations

Branches:
Dungeon (15/15)            Temple (1/1) D:5            Lair (5/5) D:8
 Shoals (0/4) Lair:3       Spider (0/4) Lair:2        Slime (0/5) Lair:5
    Orc (2/2) D:11            Elf (2/3) Orc:2        Vaults (0/5) D:14
 Depths (0/4) D:15          Sewer (visited)          Bailey (visited)
  IceCv (visited)         Volcano (visited)         Gauntlet (visited)

Altars:
Ashenzari
Cheibriados
Dithmenos
Elyvilon
Fedhas
Gozag
Hepliaklqana
Kikubaaqudgha
Makhleb
Nemelex Xobeh
Okawaru
Qazlal
Ru
Sif Muna
Trog
Uskayaw
Vehumet
Wu Jian
Xom
Yredelemnul
Zin
The Shining One
Jiyva

Shops:
D:6 *   Orc:2 [:[(

Portals:
Trove: D:11 (give 8 potions of haste)


Innate Abilities, Weirdness & Mutations

You are small and have problems with some larger weapons.
You are completely attuned to the shadows.


Message History

The +6 halberd of venom is heavily damaged.
You feel very sick.
You hit the +6 halberd of venom but do no damage.
The +6 halberd of venom is heavily damaged.
You feel sick.
The +6 halberd of venom hits you but does no damage.
You are more poisoned.
You hit the +6 halberd of venom but do no damage.
The +6 halberd of venom is moderately damaged.
You feel very sick. The +6 halberd of venom hits you!!
You are more poisoned.
Unknown command.
Blink to where?
Press: ? - help, Dir - move target
As you read the scroll of blinking, it crumbles to dust.
* * * LOW HITPOINT WARNING * * *
You feel extremely sick.
You feel better.
Aiming: Charm
Press: ? - help, Shift-Dir - straight line, f - you
Okay, then.
Aiming: Charm
Press: ? - help, Shift-Dir - straight line, f - you
Okay, then.
The +6 halberd of venom attacks as it pursues you!
The +6 halberd of venom hits you from afar!
* * * LOW HITPOINT WARNING * * *
The +6 halberd of venom hits you from afar!!
* * * LOW HITPOINT WARNING * * *
You are poisoned.
Unknown command.
You feel sick.
There is an escape hatch in the ceiling here.
You feel sick.
The +6 halberd of venom hits you from afar.
* * * LOW HITPOINT WARNING * * *
You are more poisoned.
The +6 halberd of venom hits you from afar!
You die...

#....<....#
......e...####
8#........'..[
#[.......####
#.##...'##
#####e## ###
##.###.##
##'#...#+
##e(.@.##
##.......#
#.........#
##...!.>.##
##.....##
##...## ##.##
###


You could see a deep elf archer (repels missiles) and a +6 halberd of venom.

Vanquished Creatures
  Rupert (D:12)
  Gastronok (Lair:3)
  Kirke (D:15)
  A deep elf sorcerer (Elf:1)
  An orc warlord (Orc:2)
  An ironbound thunderhulk (D:14)
  A dire elephant (D:15)
  A minotaur (Gauntlet)
  Snorg (Orc:2)
  Azrael (Orc:2)
  Josephine (Lair:5)
  2 fire dragons
  An ice dragon (Lair:5)
  Harold (D:11)
  7 vault guards
  4 centaur warriors
  6 boulder beetles
  A catoblepas (Lair:5)
  3 hydras
  A death knight (D:15)
  9 dancing weapons (Elf:1)
  5 two-headed ogres
  4 tengu warriors
  4 orc high priests
  Sonja (Orc:2)
  Urug (Lair:1)
  A hell knight (Volcano)
  8 deep elf knights (Elf:1)
  A wretched star (Gauntlet)
  2 skysharks
  10 skeletal warriors
  An arcanist (D:14)
  A swamp dragon (Lair:5)
  2 deep elf archers (Elf:1)
  An orc knight (Orc:2)
  3 lindwurms
  2 phantasmal warriors (D:15)
  12 ugly things
  14 deep elf zephyrmancers (Elf:1)
  18 deep elf pyromancers
  Maurice (D:7)
  A salamander (D:15)
  2 cyclopes
  A wolf spider (D:15)
  2 orc sorcerers (Orc:2)
  2 manticores (D:13)
  6 black mambas
  A merfolk siren (Lair:3)
  4 kobold blastminers
  Joseph (D:9)
  3 ice statues (IceCv)
  A guardian serpent (shapeshifter) (D:14)
  2 smoke demons
  5 gargoyles
  9 cane toads
  5 torpor snails (Lair:5)
  4 rime drakes
  Maggie (D:7)
  7 komodo dragons
  2 kobold demonologists
  2 ice devils (Orc:1)
  An efreet (D:15)
  A tengu conjurer (D:14)
  An anaconda simulacrum (IceCv)
  2 red devils
  4 trolls
  Grinder (D:4)
  2 polar bears
  8 blink frogs
  6 hornets (Lair:5)
  4 tyrant leeches (Lair:5)
  Prince Ribbit (D:7)
  7 dream sheep (Lair:5)
  A jumping spider (Lair:2)
  A culicivora (Lair:2)
  2 water elementals
  15 slime creatures
  65 yaks
  Sigmund (D:2)
  2 vampires
  3 humans (D:14)
  3 wraiths
  8 wyverns
  3 fire elementals
  A warg (Orc:1)
  11 vampire mosquitoes
  7 basilisks
  A death yak simulacrum (IceCv)
  4 steam dragons
  A small abomination (Gauntlet)
  Grum (Bailey)
  Menkaure (D:7)
  A harpy simulacrum (IceCv)
  3 acid dragons
  A water moccasin (shapeshifter) (Elf:1)
  11 water moccasins
  Duvessa (D:5)
  5 hell hounds
  32 orc warriors
  3 ice beasts
  2 black bears
  A sky beast (D:8)
  12 ogres
  2 laughing skulls (Gauntlet)
  3 centaurs
  14 wolves
  A phantom (D:5)
  Blork the orc (D:5)
  3 kobold brigands
  10 bullfrogs
  13 gnoll sergeants
  A scorpion (D:5)
  A cane toad simulacrum (IceCv)
  Dowan (D:5)
  7 wights
  10 killer bees
  An elephant simulacrum (IceCv)
  4 vampire bats (D:15)
  2 electric eels (D:8)
  4 crimson imps (Gauntlet)
  2 howler monkeys
  4 hounds
  4 jellies
  17 orc priests
  Crazy Yiuf (D:5)
  7 gnoll boudas (Bailey)
  Ijyb (D:5)
  8 iguanas
  2 sleepcaps
  22 orc wizards
  A polar bear simulacrum (IceCv)
  3 wolf simulacra (IceCv)
  25 gnolls
  6 adders
  2 river rats (Sewer)
  A shadow imp (D:6)
  3 white imps
  2 ufetubi (D:5)
  4 ribbon worms
  5 dart slugs
  76 orcs
  16 bats
  5 endoplasms
  9 giant cockroaches
  12 goblins
  14 hobgoblins
  7 jackals
  11 quokkas
  11 ball pythons
  8 frilled lizards
  21 kobolds
  6 rats
834 creatures vanquished.

Vanquished Creatures (collateral kills)
  A wraith (Lair:5)
  A water moccasin (Lair:5)
  2 orc warriors (Orc:2)
4 creatures vanquished.

Vanquished Creatures (others)
  A hornet (D:9)
  An orc warrior (D:9)
  A bullfrog (D:9)
  An orc priest (D:9)
  An iguana (Lair:5)
  An orc (D:9)
6 creatures vanquished.

Grand Total: 844 creatures vanquished

Notes
Turn   | Place    | Note
-------+----------+-------------------------------------------
     0 | D:1      | kaikaun the Kobold Brigand began the quest for the Orb.
     0 | D:1      | Reached XP level 1. HP: 12/12 MP: 1/1
   218 | D:1      | Reached XP level 2. HP: 17/17 MP: 2/2
   420 | D:1      | Reached XP level 3. HP: 21/21 MP: 3/3
  1192 | D:2      | Reached skill level 6 in Stealth
  1323 | D:2      | Reached XP level 4. HP: 24/26 MP: 4/4
  1351 | D:2      | Noticed Sigmund
  1355 | D:2      | Killed Sigmund
  1356 | D:2      | Reached skill level 7 in Stealth
  1356 | D:2      | Reached XP level 5. HP: 30/30 MP: 5/5
  1356 | D:2      | Reached XP level 6. HP: 35/35 MP: 6/6
  2616 | D:4      | Found a glowing drain.
  2631 | Sewer    | Entered a sewer
  3365 | Sewer    | Reached XP level 7. HP: 39/40 MP: 7/7
  3518 | D:4      | Reached skill level 8 in Stealth
  3706 | D:4      | Noticed Grinder
  3737 | D:4      | Killed Grinder
  3738 | D:4      | Reached XP level 8. HP: 22/44 MP: 8/8
  4019 | D:5      | Entered Level 5 of the Dungeon
  4031 | D:5      | Identified the +5 ring mail of Laqil {*Corrode rElec rN+++
                  | Stlth+}
  4172 | D:5      | Reached skill level 9 in Stealth
  4173 | D:5      | Noticed Duvessa
  4190 | D:5      | Noticed Dowan
  4422 | D:5      | Reached skill level 10 in Short Blades
  4489 | D:5      | Killed Duvessa
  4490 | D:5      | Reached skill level 1 in Evocations
  4539 | D:5      | Noticed Blork the orc
  4552 | D:5      | Killed Blork the orc
  4618 | D:5      | Killed Dowan
  4688 | D:5      | Found a staircase to the Ecumenical Temple.
  4694 | Temple   | Entered the Ecumenical Temple
  4704 | Temple   | Became a worshipper of Uskayaw the Reveller
  4720 | D:5      | Reached * piety under Uskayaw
  4732 | D:5      | Reached skill level 1 in Invocations
  4983 | D:5      | Found a runed translucent door.
  4986 | D:5      | Noticed Crazy Yiuf
  4991 | D:5      | Killed Crazy Yiuf
  5062 | D:5      | Noticed Ijyb
  5065 | D:5      | Killed Ijyb
  5066 | D:5      | Reached XP level 9. HP: 51/51 MP: 10/10
  5069 | D:5      | Reached ** piety under Uskayaw
  5079 | D:5      | Reached *** piety under Uskayaw
  5157 | D:5      | Reached skill level 10 in Stealth
  5345 | D:6      | Found Jujarat's Assorted Antiques.
  5351 | D:6      | Bought a fuming ruby potion for 20 gold pieces
  5351 | D:6      | Bought a twisted beryl amulet for 115 gold pieces
  5351 | D:6      | Bought a fizzy orange potion for 20 gold pieces
  5615 | D:6      | Identified the +1 trident of Pueguw {venom, rElec SInv}
  6372 | D:7      | Noticed Prince Ribbit
  6389 | D:7      | Killed Prince Ribbit
  6538 | D:7      | Noticed Menkaure
  6542 | D:7      | Killed Menkaure
  6647 | D:7      | Reached skill level 5 in Invocations
  6652 | D:7      | Reached XP level 10. HP: 33/58 MP: 8/13
  6860 | D:7      | Noticed Maggie
  6862 | D:7      | Killed Maggie
  6863 | D:7      | Reached skill level 5 in Fighting
  6863 | D:7      | Reached skill level 5 in Dodging
  6863 | D:7      | Reached skill level 11 in Stealth
  7330 | D:7      | Reached **** piety under Uskayaw
  7337 | D:7      | Reached skill level 5 in Evocations
  7446 | D:7      | Noticed Maurice
  7450 | D:7      | Killed Maurice
  7506 | D:8      | Found a blossoming altar of Fedhas.
  7653 | D:8      | Found a staircase to the Lair.
  7765 | D:8      | Found a transporter.
  7888 | D:8      | Found a transporter.
  8830 | Lair:1   | Entered Level 1 of the Lair of Beasts
  8834 | Lair:1   | Noticed a komodo dragon
  8838 | Lair:1   | Killed a komodo dragon
  8839 | Lair:1   | Reached XP level 11. HP: 64/64 MP: 16/16
  8880 | Lair:1   | Reached skill level 12 in Stealth
  9043 | Lair:1   | You fall into a shaft and drop 1 floor!
  9077 | Lair:2   | Found a stormy altar of Qazlal.
  9332 | Lair:2   | Found a dark tunnel.
  9338 | Volcano  | Entered a volcano
  9360 | Volcano  | Noticed a red ugly thing
  9364 | Volcano  | Killed a red ugly thing
  9388 | Volcano  | Noticed a hell knight
  9392 | Volcano  | Killed a hell knight
  9856 | Lair:1   | Noticed Urug
  9879 | Lair:1   | Reached XP level 12. HP: 69/72 MP: 19/19
  9898 | Lair:1   | Killed Urug
  9899 | Lair:1   | Reached skill level 13 in Stealth
  9899 | Lair:1   | Reached skill level 10 in Invocations
 10422 | Lair:2   | Noticed a six-headed hydra
 10431 | Lair:2   | Killed a six-headed hydra
 10546 | Lair:2   | Reached ***** piety under Uskayaw
 11029 | Lair:2   | Found a hole to the Spider Nest.
 11386 | Lair:3   | Noticed Gastronok
 11402 | Lair:3   | Killed Gastronok
 11844 | Lair:3   | Noticed a six-headed hydra
 11853 | Lair:3   | Reached XP level 13. HP: 67/80 MP: 21/21
 11855 | Lair:3   | Reached skill level 14 in Stealth
 11856 | Lair:3   | Killed a six-headed hydra
 11950 | Lair:3   | Got Sif Muna's Parchment of Charged Fulmination
 12175 | Lair:3   | Found a staircase to the Shoals.
 12547 | Lair:3   | Noticed a fire dragon
 12552 | Lair:3   | Killed a fire dragon
 12567 | Lair:3   | Identified the staff "Ixkuess" {rF+ rC- rN+ Necro Fire
                  | Alchemy}
 12790 | Lair:4   | Reached ****** piety under Uskayaw
 12932 | Lair:4   | Reached skill level 10 in Dodging
 13069 | Lair:4   | Identified the amulet of Tosheug {RegenMP rF++ rC+ MP-9
                  | Stlth-}
 13551 | Lair:5   | Entered Level 5 of the Lair of Beasts
 13903 | Lair:5   | Noticed an ice dragon
 13926 | Lair:5   | Killed an ice dragon
 13927 | Lair:5   | Reached skill level 10 in Evocations
 14417 | Lair:5   | Reached skill level 1 in Shields
 14436 | Lair:5   | Noticed a seven-headed hydra
 14466 | Lair:5   | Reached skill level 15 in Stealth
 14468 | Lair:5   | Reached skill level 10 in Fighting
 14495 | Lair:5   | Reached XP level 14. HP: 79/88 MP: 18/23
 14816 | Lair:5   | Noticed Josephine
 14839 | Lair:5   | Killed Josephine
 15625 | Lair:5   | Found a viscous altar of Jiyva.
 15626 | Lair:5   | Found a staircase to the Slime Pits.
 16571 | D:9      | Noticed Joseph
 16590 | D:9      | Killed Joseph
 16799 | D:9      | Found a flagged portal.
 16822 | Bailey   | Entered a bailey
 17028 | Bailey   | Noticed Grum
 17035 | Bailey   | Killed Grum
 17428 | D:9      | Identified a scroll of acquirement
 17429 | D:9      | Acquired a +2 pair of gloves of stealth
 18040 | D:10     | Entered Level 10 of the Dungeon
 18306 | D:10     | Found a sparkling altar of Nemelex Xobeh.
 18420 | D:10     | Identified the +1 short sword "Paut" {flame, rPois}
 19267 | D:11     | Reached XP level 15. HP: 93/93 MP: 25/25
 19269 | D:11     | Found a portal to a secret trove of treasure.
 19423 | D:11     | Found a gate leading to a gauntlet.
 19436 | Gauntlet | Entered a Gauntlet
 19442 | Gauntlet | Found a transporter.
 19477 | Gauntlet | Found a large runed translucent door.
 19478 | Gauntlet | Found a large runed translucent door.
 19479 | Gauntlet | Found a large runed translucent door.
 19479 | Gauntlet | Found a large runed translucent door.
 19480 | Gauntlet | Found a large runed translucent door.
 19481 | Gauntlet | Found a large runed translucent door.
 19482 | Gauntlet | Found a large runed translucent door.
 19482 | Gauntlet | Found a large runed translucent door.
 19492 | Gauntlet | Found a runed translucent gate.
 19493 | Gauntlet | Found a transporter.
 19493 | Gauntlet | Found a runed translucent gate.
 19494 | Gauntlet | Found a runed translucent gate.
 19505 | Gauntlet | Found a large runed translucent door.
 19505 | Gauntlet | Found a large runed translucent door.
 19508 | Gauntlet | Found a large runed translucent door.
 19508 | Gauntlet | Found a large runed translucent door.
 19513 | Gauntlet | Found a large runed translucent door.
 19513 | Gauntlet | Found a large runed translucent door.
 19513 | Gauntlet | Found a large runed translucent door.
 19513 | Gauntlet | Found a large runed translucent door.
 19516 | Gauntlet | Found a runed translucent door.
 19537 | Gauntlet | Found a transporter.
 19537 | Gauntlet | Found a transporter.
 19551 | Gauntlet | Found a transporter.
 19602 | Gauntlet | Found a transporter.
 19659 | Gauntlet | Found a transporter.
 19803 | Gauntlet | Found a transporter.
 19866 | Gauntlet | Found a transporter.
 19870 | Gauntlet | Found a transporter.
 19881 | Gauntlet | Found a runed translucent door.
 19984 | Gauntlet | Reached skill level 5 in Shields
 19987 | Gauntlet | Identified the staff "Undertaker" {rF+ rN++ Fire Air}
 20376 | D:11     | Found a staircase to the Orcish Mines.
 20381 | D:11     | Noticed Harold
 20394 | D:11     | Killed Harold
 20395 | D:11     | Reached skill level 16 in Stealth
 21063 | D:12     | Noticed Rupert
 21066 | D:12     | Killed Rupert
 22151 | Orc:1    | Entered Level 1 of the Orcish Mines
 22311 | Orc:1    | Found a frozen archway.
 22363 | IceCv    | Entered an ice cave
 22462 | IceCv    | Reached skill level 15 in Invocations
 22983 | IceCv    | Identified the +6 quarterstaff of Freezing Optimality
                  | {venom, Fly rC+ Str-3 Int+2}
 23177 | Orc:1    | You fall into a shaft and drop 1 floor!
 23177 | Orc:2    | Entered Level 2 of the Orcish Mines
 23878 | Orc:2    | Noticed Snorg
 23882 | Orc:2    | Killed Snorg
 24415 | Orc:2    | Found a staircase to the Elven Halls.
 24428 | Orc:2    | Found Vynaeciv's Book Shoppe.
 24523 | Orc:2    | Paralysed by an orc sorcerer for 3 turns
 24674 | Orc:2    | Noticed Sonja
 24720 | Orc:2    | Killed Sonja
 24797 | Orc:2    | Noticed Azrael
 24801 | Orc:2    | Killed Azrael
 25079 | Orc:2    | Found Voameal's Antique Armour Shoppe.
 25153 | Orc:2    | Bought a glowing buckler for 240 gold pieces
 25336 | Orc:2    | Reached XP level 16. HP: 100/100 MP: 27/27
 25358 | Orc:2    | Found Noitzeng's Antique Weapon Boutique.
 25358 | Orc:2    | Found Kimash's Antique Armour Shop.
 25489 | Orc:2    | Bought a crystal short sword for 208 gold pieces
 25489 | Orc:2    | Identified the +5 short sword "Isig" {spect, rC+ Will+}
                  | (You bought it in a shop on level 2 of the Orcish Mines)
 25495 | Orc:2    | Bought a pair of runed boots for 217 gold pieces
 25500 | Orc:2    | Bought an embroidered robe for 107 gold pieces
 25500 | Orc:2    | Bought an ichor-stained leather armour for 203 gold pieces
 25500 | Orc:2    | Identified the +2 leather armour "Qeegin" {Regen+} (You
                  | bought it in a shop on level 2 of the Orcish Mines)
 26862 | D:14     | Reached skill level 17 in Stealth
 27249 | D:14     | Found a gate to the Vaults.
 27287 | D:15     | Entered Level 15 of the Dungeon
 27768 | D:15     | Noticed Kirke
 27772 | D:15     | Killed Kirke
 27990 | D:15     | Found a staircase to the Depths.
 28317 | Elf:1    | Entered Level 1 of the Elven Halls
 28326 | Elf:1    | Reached XP level 17. HP: 70/108 MP: 25/29
 28808 | Elf:1    | Reached skill level 5 in Throwing
 29327 | Elf:2    | HP: 5/108 [+6 halberd of venom (3)]
 29327 | Elf:2    | Mangled by a +6 halberd of venom

Illustrated notes

Levels and vault maps discovered:
D:1:      minmay_arrival_loop, layout_basic
D:2:      layout_loops_ring, uniq_sigmund
D:3:      layout_loops_ring, minmay_misc_feat_five
D:4:      layout_rooms, gup_sewer_entry_pipe, minmay_strange_pillars,
          uniq_grinder
D:5:      layout_loops_cross, minmay_temple_entry_grid,
          kennysheep_generic_room_4, uniq_crazy_yiuf_cottage, uniq_duvessa,
          uniq_ijyb, uniq_blork_the_orc
D:6:      layout_basic, serial_shops, nicolae_stop_n_shop_2,
          small_statue_alley_b, dk_vineyard_1, corexii_mini_fake_secret_closet
D:7:      layout_basic, st_stairs_12, uniq_maurice, uniq_prince_ribbit1,
          uniq_maggie, uniq_menkaure
D:8:      gammafunk_steamed_eel, layout_cave_pods, mainiacjoe_overflow_24_doors,
          dpeg_oklobed_lair
D:9:      layout_loops_ring, enter_bailey_4, lemuel_flamethrower_2, uniq_joseph
D:10:     layout_small_grid, nemelex_spade_bored_becter, hangedman_glass_teeth
D:11:     layout_cave_pools, kennysheep_orc_monster_closet_entryway,
          gauntlet_entry_generic, enter_trove_5, uniq_harold
D:12:     layout_roguey, uniq_rupert
D:13:     layout_big_octagon
D:14:     layout_cave_pools, hellmonk_vaults_keyhole, kennysheep_nub
D:15:     hangedman_depths_entry_try_elsewhere_first, layout_rooms,
          hangedman_abyss_or_decor_stabs, roderic_batcave,
          minmay_misc_feat_hallway, uniq_kirke
Temple:   nicolae_temple_slightly_damp_pantheon
Lair:1:   layout_layer_cave, serial_bayou_pond_a,
          chequers_serial_rivers_micro_e, uniq_urug
Lair:2:   layout_gridlike, spider_nest_entry_funnel_web, basic_altar,
          enter_volcano_4
Lair:3:   dragon1_lemuel, layout_regular_city,
          minmay_shoals_entry_lonely_mermaid, lemuel_fruit_tree,
          serial_bayou_shore_a, uniq_gastronok
Lair:4:   layout_roguey, beast_lair_carwin_2
Lair:5:   guppyfry_lair_end_dragon, layout_small_grid, wormcave,
          dpeg_slime_entry_enclosed, chequers_serial_rivers_marsh,
          nicolae_lair_grove_arrangements, uniq_josephine
Orc:1:    layout_diamond_mine, serial_shops, portal_ice_cave_demonic_guard,
          basic_altar, nicolae_orc_stalacmites
Orc:2:    grunt_orc_community_town_hall, layout_caves,
          grunt_orc_community_big_house_2, grunt_orc_community_big_house_1,
          grunt_orc_community_house_1, grunt_orc_community_house_2,
          grunt_orc_community_house_3, grunt_orc_community_house_3,
          grunt_orc_community_house_3, uniq_snorg, uniq_azrael, uniq_sonja
Elf:1:    eino_elf_arrival_shootout, layout_geoelf_octagon,
          hangedman_elven_crosses_minicolossus,
          nicolae_elf_vaults_five_recruitment_drive
Elf:2:    elven_hall_of_blades_hangedman_original [mumra_blade_entry_bloodbath],
          layout_geoelf_octagon, lemuel_statue_altar, st_stairs_14

Skill      XL: |  1  2  3  4  5  6  7  8  9 10 11 12 13 14 15 16 17 |
---------------+----------------------------------------------------+-----
Short Blades   | 3 4 6 7 9 10 11 | 11.7
Stealth        | 6 7 8 9 10 11 12 13 15 16 17 | 17.8
Evocations     | 2 4 6 7 8 10 11 12 13 | 13.2
Dodging        | 2 4 6 7 9 10 11 12 13 | 13.7
Fighting       | 3 4 6 7 8 10 11 12 | 12.9
Invocations    | 1 5 7 9 11 13 14 15 16 | 16.4
Shields        | 1 4 6 7 8 |  8.1
Throwing       | 4 5 |  5.5

Action                     |  1- 3 |  4- 6 |  7- 9 | 10-12 | 13-15 | 16-18 || total
---------------------------+-------+-------+-------+-------+-------+-------++-------
  Melee: Dagger            |   101 |   310 |   256 |   199 |   817 |   517 ||  2200
         Punch             |       |     3 |     3 |     3 |     2 |       ||    11
         Short sword       |       |       |       |   223 |   974 |       ||  1197
  Throw: Dart              |     2 |       |    17 |     1 |    10 |     2 ||    32
         Throwing net      |       |       |       |     1 |       |       ||     1
 Invoke: Line Pass         |       |       |     4 |    13 |    30 |    25 ||    72
         Stomp             |       |       |       |     1 |    17 |     9 ||    27
         Grand Finale      |       |       |       |       |       |     2 ||     2
  Evoke: Wand              |       |       |       |     4 |    14 |     6 ||    24
    Use: Scroll            |       |     3 |     4 |     5 |    16 |     5 ||    33
         Potion            |       |       |     1 |       |     3 |     1 ||     5
   Stab: Sleeping          |    19 |    27 |    25 |    31 |    78 |    50 ||   230
         Distracted        |       |     1 |     1 |     8 |     6 |     1 ||    17
         Confused          |       |       |     2 |     9 |    22 |    23 ||    56
         Paralysed         |       |       |     1 |    27 |    94 |    28 ||   150
         Invisible         |       |       |       |     1 |     4 |       ||     5
         Held in net/web   |       |       |       |     2 |       |       ||     2
         Petrified         |       |       |       |       |     1 |       ||     1
 Armour: Robe              |    26 |    61 |    50 |    41 |   171 |       ||   349
         Leather armour    |       |       |       |    31 |       |   140 ||   171
         Steam dragon scal |       |       |       |       |   201 |     4 ||   205
  Dodge: Dodged            |    55 |   179 |   114 |   296 |  1194 |   361 ||  2199
  Block: Buckler           |       |       |       |       |   524 |   201 ||   725
         Reflection        |       |       |       |       |    19 |     3 ||    22
